 Dungeon Crawl Stone Soup version 0.20.2-3-g29329e0561 (webtiles) character file.

460 Alfie the Shield-Bearer (level 7, -4/61 HPs)
             Began as a Hill Orc Fighter on Oct 18, 2023.
             Slain by an ogre
             ... wielding a +0 giant club
              (7 damage)
             ... on level 4 of the Dungeon.
             The game lasted 00:05:38 (2202 turns).

Alfie the Shield-Bearer (Hill Orc Fighter)          Turns: 2202, Time: 00:05:39

Health: -4/61      AC: 13    Str: 21    XL:     7   Next: 7%
Magic:  7/7        EV:  4    Int:  8    God:
Gold:   160        SH: 10    Dex: 10    Spells: 6/6 levels left

rFire    . . .     SeeInvis .   a - +0 rapier
rCold    . . .     Gourm    .   c - +0 shield
rNeg     . . .     Faith    .   i - +0 plate armour
rPois    .         Spirit   .   (no helmet)
rElec    .         Reflect  .   d - +0 cloak
rCorr    .         Harm     .   (no gloves)
MR       .....                  (no boots)
Stlth    ..........             m - amulet of regeneration
Regen    0.6/turn               (no ring)
MPRegen  0.1/turn               (no ring)

@: no status effects
A: no striking features
a: no special abilities


You were on level 4 of the Dungeon.
You were not hungry.

You visited 1 branch of the dungeon, and saw 4 of its levels.

You collected 160 gold pieces.

Inventory:

Hand Weapons
 a - a +0 rapier (weapon)
Armour
 c - a +0 shield (worn)
 d - a +0 cloak (worn)
 i - a +0 plate armour (worn)
Jewellery
 m - an amulet of regeneration (around neck)
Scrolls
 b - 2 scrolls of recharging {unknown}
 j - a scroll of amnesia {unknown}
 l - 3 scrolls of magic mapping
 n - a scroll of enchant weapon {unknown}
 o - a scroll of identify
 r - a scroll of blinking {unknown}
Potions
 e - 2 potions of curing
 g - 2 potions of agility {unknown}
 h - a potion of lignification {unknown}
 k - a potion of flight {unknown}
 p - a potion of haste {unknown}
 s - a potion of heal wounds {unknown}
 t - 2 potions of mutation {unknown}
 u - a potion of invisibility {unknown}
Comestibles
 f - 2 bread rations
 q - 3 fruits


   Skills:
 + Level 5.0 Fighting
 + Level 4.6 Short Blades
 + Level 4.7 Armour
 + Level 0.2 Dodging
 + Level 5.2 Shields


You had 6 spell levels left.
You didn't know any spells.

Dungeon Overview and Level Annotations

Branches:
Dungeon (4/15)             Temple (0/1) D:4

Altars:


Message History

You hit the ogre but do no damage. The ogre hits you with a giant club!!
A leopard gecko skeleton comes into view.
You hit the ogre.
The ogre is lightly wounded.
You block the ogre's attack.
Your shield and plate armour prevent you from hitting the ogre.
The ogre is lightly wounded.
You puncture the ogre!
The ogre is moderately wounded.
The ogre hits you with a giant club!
* * * LOW HITPOINT WARNING * * *
A worker ant comes into view.
You hit the ogre but do no damage.
The ogre is moderately wounded.
The ogre hits you with a giant club.
* * * LOW HITPOINT WARNING * * *
You barely miss the ogre.
The ogre is moderately wounded.
The ogre hits you with a giant club!
You die...

....###.# ...#...#
##.8.#.. #......#
#8.>.8.# #....%.#
##.8.#.# ### #O#
.######@###
..a...Z...#
.######.#.#
##....#
#.....############
##...............#
##.############.#
#.# #.# #.# #.#


You could see an ogre, a worker ant and a leopard gecko skeleton.

Vanquished Creatures
  The ghost of Alfie the Covered, an amateur HOFi (D:4)
  An ogre (D:4)
  A howler monkey (D:4)
  A hound (D:4)
  Crazy Yiuf (D:3)
  8 adders
  An ooze (D:3)
  A worm (D:2)
  3 dart slugs (D:1)
  2 leopard geckos
  3 orcs
  3 bats
  2 giant cockroaches
  4 goblins
  5 hobgoblins
  6 jackals
  A quokka (D:3)
  2 frilled lizards
  10 kobolds
  4 rats
60 creatures vanquished.

Notes
Turn   | Place    | Note
-------+----------+-------------------------------------------
     0 | D:1      | Alfie the Hill Orc Fighter began the quest for the Orb.
     0 | D:1      | Reached XP level 1. HP: 19/19 MP: 1/1
   118 | D:1      | Reached XP level 2. HP: 24/27 MP: 2/2
   405 | D:1      | Reached XP level 3. HP: 33/33 MP: 3/3
   802 | D:2      | Reached XP level 4. HP: 32/41 MP: 4/4
  1216 | D:3      | Found a runed door.
  1533 | D:3      | Reached XP level 5. HP: 46/47 MP: 5/5
  1804 | D:3      | Noticed Crazy Yiuf
  1810 | D:3      | Killed Crazy Yiuf
  2043 | D:4      | Noticed Alfie's ghost (amateur HOFi)
  2074 | D:4      | Killed Alfie's ghost
  2074 | D:4      | Reached XP level 6. HP: 38/55 MP: 6/6
  2173 | D:4      | Found a staircase to the Ecumenical Temple.
  2187 | D:4      | Reached skill level 5 in Shields
  2196 | D:4      | Reached skill level 5 in Fighting
  2196 | D:4      | Reached XP level 7. HP: 38/61 MP: 7/7
  2201 | D:4      | HP: 2/61 [ogre/giant club (6)]
  2202 | D:4      | Slain by an ogre

Skill      XL: |  1  2  3  4  5  6 |
---------------+-------------------+-----
Fighting       | 4 5 |  5.0
Short Blades   | 3 4 |  4.6
Shields        | 4 5 |  5.2
Armour         | 4 |  4.7
Dodging        | |  0.2

Action                   |  1- 3 |  4- 6 |  7- 9 || total
-------------------------+-------+-------+-------++-------
Melee: Rapier            |   126 |   173 |     6 ||   305
  Use: Scroll            |     4 |       |       ||     4
       Potion            |       |     1 |       ||     1
  Eat: Royal jelly       |       |     2 |       ||     2
       Fruit             |       |     1 |       ||     1
Armor: Plate armour      |    98 |    76 |       ||   174
       Scale mail        |     4 |       |       ||     4
Dodge: Dodged            |    17 |    17 |       ||    34
Block: Shield            |    89 |    89 |     1 ||   179
